Map: Lockdown LE

Players

dawderu - Winner!

  • Race: Terran Terran
  • League: Master
  • Spawn Location: 1:00

JetLi

  • Race: Protoss Protoss
  • League: Master
  • Spawn Location: 7:00

VOD

Have the link to the VOD?

Description

Time

  • Played on: July 20, 2026, 5:12 a.m.
  • Length: 14:20
Show
View Real Time Build Order
Export as new Build Order

dawderu Terran - Winner!

Build Orders: Mech 

Get SALT Encoding   

  8  0:00  SCV  
  9  0:12  SCV  
  10  0:24  SCV  
  11  0:28  Supply Depot  
  11  0:36  SCV  
  12  0:49  SCV  
  13  0:55  Barracks  
  13  1:01  SCV  
  14  1:13  SCV  
  15  1:20  Command Center  
  16  1:25  SCV  
  16  1:39  Barracks  
  16  1:41  SCV  
  17  1:53  SCV  
  18  2:02  Refinery  
  18  2:05  SCV  
  19  2:17  SCV  
  20  2:23  Refinery  
  20  2:25  Marine  
  21  2:33  Orbital Command  
  21  2:35  Orbital Command  
  21  2:46  Bunker  
  21  2:48  Marine  
  22  2:58  Orbital Command  
  22  3:02  Factory  
  22  3:03  SCV  
  23  3:16  Barracks Tech Lab, Supply Depot  
  23  3:20  SCV  
  23  3:24  SCV  
  25  3:32  SCV  
  26  3:36  SCV  
  27  3:44  SCV  
  27  3:48  SCV, Starport  
  29  3:57  SCV  
  29  4:00  Refinery  
  33  4:04  Cyclone  
  33  4:06  Barracks Tech Lab  
  33  4:07  SCV  
  34  4:12  Supply Depot  
  34  4:13  SCV  
  34  4:15  Refinery  
  35  4:18  Starport  
  35  4:21  SCV  
  36  4:25  SCV  
  37  4:33  SCV  
  37  4:36  Supply Depot  
  41  4:41  SCV  
  41  4:43  Banshee  
  45  4:45  Cloaking Field  
  45  4:48  SCV  
  43  4:52  Supply Depot  
  43  4:53  Engineering Bay, SCV  
  44  5:00  Starport Tech Lab  
  44  5:03  SCV  
  44  5:05  Siege Tank  
  44  5:06  SCV  
  49  5:17  Command Center  
  49  5:18  SCV  
  49  5:19  Banshee  
  49  5:20  Hyperflight Rotors  
  53  5:24  SCV  
  54  5:30  SCV  
  55  5:36  Raven  
  55  5:38  SCV  
  58  5:43  SCV  
  59  5:50  Siege Tank, SCV  
  59  5:55  SCV  
  64  5:57  Command Center  
  64  6:03  SCV  
  65  6:07  SCV  
  65  6:09  Supply Depot  
  66  6:11  Supply Depot  
  66  6:15  Banshee  
  66  6:16  SCV, Banshee  
  73  6:19  SCV  
  73  6:21  Supply Depot  
  73  6:24  Factory  
  74  6:29  Barracks Tech Lab  
  74  6:38  Siege Tank  
  77  6:43  Supply Depot  
  77  6:44  Supply Depot, SCV  
  77  6:45  Factory  
  78  6:50  Refinery  
  77  6:54  Refinery  
  77  6:56  SCV  
  77  6:58  Banshee  
  81  7:11  Banshee  
  81  7:12  Siege Tank  
  87  7:36  SCV x3  
  90  7:40  Factory Tech Lab  
  90  7:41  Banshee  
  93  7:44  Siege Tank  
  93  7:46  Factory  
  93  7:48  SCV  
  97  7:57  Banshee  
  100  8:02  Missile Turret  
  100  8:03  Planetary Fortress, Refinery  
  100  8:08  Command Center  
  100  8:09  SCV  
  101  8:13  SCV  
  101  8:18  Siege Tank  
  105  8:21  SCV  
  105  8:22  Armory  
  105  8:25  Command Center, SCV  
  107  8:30  Raven  
  107  8:33  SCV  
  110  8:36  Supply Depot  
  110  8:37  SCV  
  111  8:45  Banshee, SCV  
  111  8:46  Siege Tank  
  118  8:49  SCV  
  119  8:57  SCV  
  120  9:04  Banshee  
  123  9:27  SCV  
  123  9:28  Banshee  
  123  9:29  Planetary Fortress  
  123  9:30  Thor, Hellion x2  
  137  9:36  Factory  
  137  9:38  Supply Depot x2  
  137  9:45  Factory Reactor  
  137  9:48  Missile Turret  
  137  9:51  Terran Vehicle Weapons Level 1, Thor  
  143  9:54  SCV  
  143  9:55  Missile Turret, SCV  
  145  10:02  SCV  
  145  10:05  Orbital Command  
  145  10:06  SCV  
  149  10:07  Hellion  
  149  10:12  Supply Depot  
  149  10:13  Thor  
  149  10:14  SCV  
  156  10:17  Command Center  
  156  10:18  SCV  
  159  10:28  Hellion  
  159  10:29  Thor  
  159  10:31  Hellion x2  
  159  10:35  Hellion  
  171  10:37  Supply Depot  
  171  10:38  Supply Depot  
  171  10:45  Infernal Pre-Igniter  
  171  10:47  Command Center, Raven  
  171  10:49  Hellion  
  175  10:52  Hellion x2  
  175  10:54  SCV  
  175  10:55  Thor  
  186  11:00  SCV  
  186  11:03  Refinery, Thor  
  186  11:04  Refinery  
  193  11:11  Hellion  
  195  11:17  Hellion x2  
  199  11:20  SCV  
  200  11:29  Orbital Command  
  200  11:33  Command Center  
  194  11:48  Thor  
  200  12:00  Thor x2  
  192  12:01  Hellion x2  
  192  12:06  Hellion  
  172  12:13  Banshee  
  170  12:23  Raven  
  172  12:31  Thor  
  166  12:43  Thor  
  172  12:50  Thor  
  182  12:51  Hellion x2  
  182  12:56  Raven  
  182  12:57  Command Center  
  182  12:58  Hellion  
  180  13:20  Raven  
  182  13:30  Raven  
  182  13:32  Planetary Fortress  
  184  13:36  Orbital Command  
  184  13:41  Command Center  
  184  13:44  Planetary Fortress  
  189  14:07  SCV  
Show
View Real Time Build Order
Export as new Build Order

JetLi Protoss 

Build Orders: Phoenix Opening, Colossus Rush 

Get SALT Encoding   

  8  0:00  Probe (Chrono Boost)  
  9  0:12  Probe (Chrono Boost)  
  10  0:17  Probe (Chrono Boost)  
  11  0:27  Probe  
  12  0:32  Pylon  
  12  0:39  Probe  
  13  0:51  Probe  
  13  0:54  Gateway  
  14  1:03  Probe (Chrono Boost)  
  15  1:05  Assimilator  
  15  1:13  Probe (Chrono Boost)  
  15  1:18  Probe (Chrono Boost)  
  17  1:29  Probe  
  18  1:41  Probe  
  19  1:48  Nexus  
  19  1:57  Cybernetics Core  
  19  1:59  Probe  
  20  2:04  Assimilator  
  20  2:13  Pylon  
  20  2:14  Probe  
  21  2:31  Probe  
  21  2:35  Warp Gate  
  24  2:42  Stalker (Chrono Boost)  
  24  2:43  Probe  
  24  2:56  Probe (Chrono Boost)  
  25  3:00  Robotics Facility  
  25  3:03  Probe (Chrono Boost)  
  28  3:12  Probe (Chrono Boost)  
  28  3:13  Probe (Chrono Boost)  
  28  3:14  Gateway  
  28  3:18  Probe (Chrono Boost)  
  28  3:19  Phoenix, Probe, Sentry  
  31  3:27  Shield Battery  
  32  3:30  Probe  
  32  3:31  Probe  
  34  3:38  Pylon  
  34  3:42  Probe  
  34  3:43  Probe  
  36  3:51  Robotics Bay  
  36  3:54  Probe  
  38  3:55  Probe  
  38  4:06  Probe  
  38  4:07  Probe  
  40  4:18  Probe  
  40  4:19  Probe  
  40  4:22  Observer  
  43  4:28  Assimilator  
  43  4:30  Assimilator, Probe  
  44  4:32  Probe  
  44  4:33  Stalker x2  
  49  4:41  Pylon  
  49  4:42  Pylon, Probe  
  50  4:56  Nexus  
  50  4:59  Pylon, Probe x2, Colossus (Chrono Boost)  
  58  5:11  Probe  
  58  5:12  Pylon  
  59  5:18  Probe  
  59  5:20  Twilight Council  
  59  5:21  Forge  
  60  5:23  Probe  
  61  5:34  Probe  
  62  5:36  Colossus  
  62  5:38  Shield Battery  
  62  5:40  Gateway  
  62  5:42  Extended Thermal Lance (Chrono Boost)  
  68  5:51  Gateway  
  68  5:53  Charge (Chrono Boost)  
  69  6:04  Probe x2  
  69  6:05  Protoss Ground Armor Level 1  
  69  6:11  Probe  
  71  6:13  Pylon  
  71  6:16  Probe  
  71  6:18  Probe  
  73  6:19  Gateway x2  
  73  6:23  Probe, Pylon  
  74  6:29  Warp Prism (Chrono Boost)  
  76  6:35  Probe x2 (Chrono Boost)  
  78  6:40  Probe (Chrono Boost)  
  78  6:45  Probe (Chrono Boost)  
  80  6:47  Probe (Chrono Boost)  
  80  6:49  Probe (Chrono Boost)  
  80  6:50  Probe (Chrono Boost)  
  76  7:02  Photon Cannon, Stalker  
  76  7:03  Stalker x2, Pylon  
  76  7:04  Probe, Observer (Chrono Boost)  
  81  7:12  Probe  
  78  7:15  Stalker  
  76  7:23  Photon Cannon  
  76  7:29  Probe  
  75  7:30  Gravitic Boosters  
  75  7:31  Pylon, Probe  
  75  7:33  Probe  
  72  7:41  Probe  
  72  7:43  Probe  
  74  7:45  Probe  
  75  7:54  Probe  
  75  7:55  Probe  
  75  7:57  Probe  
  78  7:59  Photon Cannon  
  78  8:07  Probe (Chrono Boost)  
  78  8:09  Probe (Chrono Boost)  
  78  8:11  Probe (Chrono Boost)  
  81  8:19  Protoss Ground Weapons Level 1  
  82  8:23  Probe x2 (Chrono Boost)  
  82  8:24  Probe (Chrono Boost)  
  84  8:31  Zealot x3, Probe x2 (Chrono Boost)  
  84  8:34  Probe (Chrono Boost), Zealot  
  93  8:36  Probe (Chrono Boost)  
  93  8:37  Probe (Chrono Boost)  
  97  8:42  Probe  
  98  8:49  Pylon  
  98  8:52  Pylon  
  98  8:54  Pylon  
  98  8:57  Pylon, Stalker  
  99  9:07  Probe x2  
  99  9:09  Probe  
  95  9:19  Probe x2  
  95  9:22  Probe  
  95  9:23  Pylon  
  97  9:27  Pylon  
  97  9:28  Stargate  
  97  9:29  Shield Battery  
  97  9:31  Probe  
  97  9:32  Pylon  
  97  9:33  Probe  
  97  9:37  Probe  
  100  9:39  Nexus  
  100  9:40  Pylon, Templar Archives  
  100  9:49  Blink (Chrono Boost)  
  100  9:50  Probe  
  101  9:55  Probe  
  101  9:58  Stargate  
  102  10:00  Stargate  
  102  10:02  Probe x2  
  104  10:07  Probe  
  104  10:11  Zealot x3, Gateway  
  104  10:12  Zealot  
  104  10:13  Gateway  
  113  10:14  Probe  
  114  10:30  High Templar x2  
  118  10:36  Pylon  
  118  10:37  Pylon  
  118  10:39  Gravitic Drive  
  118  10:42  Pylon  
  118  10:49  Archon  
  118  10:50  Phoenix x2  
  122  10:58  Gateway  
  122  11:02  Observer (Chrono Boost)  
  122  11:04  Stalker x3  
  122  11:05  Shield Battery  
  122  11:07  Assimilator, Zealot x3  
  121  11:15  Phoenix x2  
  121  11:17  Zealot x3  
  121  11:18  Zealot x3  
  139  11:20  Colossus (Chrono Boost)  
  139  11:22  Probe  
  144  11:27  Pylon  
  144  11:30  Pylon  
  144  11:37  Psionic Storm  
  144  11:40  Phoenix  
  144  11:42  Gateway  
  144  11:44  Zealot, Gateway  
  144  11:46  Gateway  
  148  11:49  Pylon  
  148  11:50  Pylon, Zealot  
  148  11:51  Zealot x4  
  119  12:01  Phoenix  
  83  12:13  Phoenix  
  85  12:20  Zealot x5  
  85  12:21  Zealot x3  
  74  12:38  Immortal  
  76  12:45  Zealot x3  
  76  12:46  Zealot x2  
  86  12:52  High Templar x2  
  86  12:59  Nexus  
  86  13:04  Zealot  
  75  13:08  Zealot x4  
  68  13:24  Assimilator  
  64  13:29  Robotics Facility  
  64  13:33  High Templar  
  62  13:35  Zealot x3  
  62  13:38  High Templar  
  70  13:42  Pylon  
  70  13:44  Pylon  
  68  14:06  High Templar  
  70  14:10  Zealot x2  
Tags
 
Composition
Mech
Matchup
PvT
Spawn Locations
Cross Positions
Add a new tag
Caveats
  • Supply blocks, unpowered buildings, or Contaminate may cause inaccurate times.
  • Supply counts are checked every 10 seconds.